 Dungeon Crawl Stone Soup version 0.23-a0-607-g760965b (console) character file.

60 Duffy the Chopper (level 4, 0/39 HPs)
             Began as a Naga Gladiator on Dec 20, 2018.
             Slain by a scorpion (1 damage)
             ... on level 4 of the Dungeon.
             The game lasted 00:01:13 (893 turns).

Duffy the Chopper (Naga Gladiator)                   Turns: 893, Time: 00:01:14

Health: 0/39       AC:  3    Str: 17    XL:     4   Next: 6%
Magic:  4/4        EV: 10    Int:  8    God:
Gold:   0          SH:  0    Dex: 13    Spells: 3/3 levels left

rFire    . . .     SeeInvis +   a - +0 war axe
rCold    . . .     Gourm    .   (no shield)
rNeg     . . .     Faith    +   b - +0 leather armour
rPois    +         Spirit   .   c - +0 helmet
rElec    .         Reflect  .   (no cloak)
rCorr    .         Harm     .   (no gloves)
MR       .....                  (no barding)
Stlth    +.........             n - amulet of faith
HPRegen  0.13/turn              (no ring)
MPRegen  0.09/turn              (no ring)

@: short of breath, very slow
A: large, see invisible, deformed body, poison resistance, slowness 2, slow
metabolism 1, spit poison 1, AC +1
a: Spit Poison


You were on level 4 of the Dungeon.
You were not hungry.

You visited 1 branch of the dungeon, and saw 4 of its levels.

Inventory:

Hand Weapons
 a - a +0 war axe (weapon)
Missiles
 d - 3 throwing nets (quivered)
Armour
 b - a +0 leather armour (worn)
 c - a +0 helmet (worn)
Jewellery
 n - an amulet of faith (around neck)
Scrolls
 g - a scroll of amnesia {unknown}
 i - 2 scrolls of remove curse {unknown}
 k - a scroll of noise {unknown}
 l - a scroll of identify {unknown}
 m - a scroll of teleportation {unknown}
Potions
 e - a potion of flight {unknown}
 j - 2 potions of curing {unknown}
Comestibles
 f - a ration
 h - 6 chunks of flesh


   Skills:
 - Level 2.0 Fighting
 + Level 4.8 Axes
 - Level 1.7 Throwing
 - Level 2.4 Dodging


You had 3 spell levels left.
You didn't know any spells.
Your spell library was empty.

Dungeon Overview and Level Annotations

Branches:
Dungeon (4/15)             Temple (0/1) D:4

Altars:
Gozag


Innate Abilities, Weirdness & Mutations

You cannot wear boots.
Your serpentine skin is tough. (AC +1)
You have supernaturally acute eyesight. (SInv)
Armour fits poorly on your strangely shaped body.
Your system is resistant to poisons. (rPois)
You cover ground very slowly.
You have a slow metabolism.
You can spit poison.


Message History

Press: ? - help, Shift-Dir - straight line, f - scorpion
Aim: a scorpion The splash of poison misses the scorpion.
You feel slightly more hungry.
You have got your breath back.
Press: ? - help, Shift-Dir - straight line, f/p - scorpion
Aim: a scorpion The splash of poison misses the scorpion.
You feel slightly more hungry. The scorpion stings you.
You hit the scorpion but do no damage. The scorpion stings you!
You closely miss the scorpion. The scorpion barely misses you.
You closely miss the scorpion. The scorpion stings you! x2
You hit the scorpion but do no damage. The scorpion stings you.
You have got your breath back.
Press: ? - help, Shift-Dir - straight line, f/p - scorpion
Aim: a scorpion The splash of poison misses the scorpion.
You feel slightly more hungry. The scorpion stings you!
The scorpion stings you.
You die...

##..... .. ###...#.#.!#
..........#
###...#.}.#.. ...
##...#.......# ..
##########.%#..%}.>.}..
#.
#.........<...#.......#
##.##
#.#########s#...#.}.#..
#...###.# #@###.!.....#
..#..##.##### #.#
#..#.#[.# .....#......#
#.# #.......#
^............# #.#
#...#.# #
.#<#.#..###.... ...
..>...# .....#..# .##
#.. ... ...###..# # #.#
.... .... #.# ...#
#####


You could see a scorpion.

Vanquished Creatures
  An orc wizard (D:3)
  An adder (D:2)
  4 orcs (D:3)
  3 giant cockroaches
  3 goblins (D:3)
  A hobgoblin (D:3)
  A bat (D:2)
  A frilled lizard (D:4)
  2 kobolds
  3 rats
20 creatures vanquished.

Notes
Turn   | Place    | Note
-------+----------+-------------------------------------------
     0 | D:1      | Duffy the Naga Gladiator began the quest for the Orb.
     0 | D:1      | Reached XP level 1. HP: 19/19 MP: 1/1
   190 | D:2      | Reached XP level 2. HP: 16/26 MP: 2/2
   484 | D:3      | Found an opulent altar of Gozag.
   502 | D:3      | Reached skill level 4 in Axes
   706 | D:3      | Reached XP level 3. HP: 25/32 MP: 3/3
   829 | D:3      | Reached XP level 4. HP: 35/39 MP: 4/4
   875 | D:4      | Found a staircase to the Ecumenical Temple.
   892 | D:4      | HP: 1/39 [scorpion (7)]
   893 | D:4      | Slain by a scorpion

Vault maps used:
D:1:      dpeg_arrival_tiny_g, roderic_lattice_a
D:2:      uniq_sigmund, uniq_robin
D:3:      serial_bayou, serial_bayou_pond_d, serial_bayou_crossing,
          serial_bayou_pond_d, serial_bayou_lagoon_a, st_stairs_7,
          grunt_gozag_statues, uniq_crazy_yiuf_cottage
D:4:      marbit_many_paths, lemuel_crystal_altar,
          minmay_temple_entry_sparse_star, first_ration, serial_shops,
          nicolae_shop_trees, uniq_ijyb

Skill      XL: |  1  2 |
---------------+-------+-----
Axes           | 4 |  4.8
Fighting       | |  2.0
Throwing       | |  1.7
Dodging        | |  2.4

Action                   |  1- 3 |  4- 6 || total
-------------------------+-------+-------++-------
Melee: War axe           |    63 |    10 ||    73
 Abil: Spit Poison       |     2 |     3 ||     5
Armor: Leather armour    |    24 |     1 ||    25
Dodge: Dodged            |    48 |     6 ||    54

Table legend:
 A = Non-vault XP
 B = Vault XP
 C = Vault XP percentage of total XP
 D = Non-vault monster count
 E = Vault monster count
 F = Vault count percentage of total count
                 A         B        C        D         E       F
            +---------+---------+-------+---------+---------+-------
      Total |      85 |       2 |   2.3 |      19 |       1 |   5.0
            +---------+---------+-------+---------+---------+-------
        D:1 |       4 |       0 |   0.0 |       3 |       0 |   0.0
        D:2 |      18 |       0 |   0.0 |       5 |       0 |   0.0
        D:3 |      62 |       2 |   3.1 |      10 |       1 |   9.1
        D:4 |       1 |       0 |   0.0 |       1 |       0 |   0.0
            +---------+---------+-------+---------+---------+-------
